 Dungeon Crawl Stone Soup version 0.30-a0-368-g86fb4627a9 (webtiles) character file.

Game seed: 6233075317900883037

7966 MTVSty1e the Basher (level 11, -9/74 HPs)
             Began as a Gargoyle Fighter on Nov 19, 2022.
             Was an Elder of Okawaru.
             Mangled by a komodo dragon (18 damage)
             ... on level 1 of the Lair of Beasts.
             The game lasted 00:12:31 (10042 turns).

MTVSty1e the Basher (Gargoyle Fighter)             Turns: 10042, Time: 00:12:31

Health: -9/74      AC: 22    Str: 24    XL:     11   Next: 23%
Magic:  11/11      EV:  6    Int:  9    God:    Okawaru [****..]
Gold:   1496       SH:  4    Dex:  9    Spells: 10/10 levels left

rFire   + . .      SeeInvis +    x - +0 whip (flame)
rCold   + . .      Faith    .    c - +0 buckler
rNeg    + . .      Spirit   .    h - +1 plate armour
rPois   ∞          Reflect  .    y - +0 helmet
rElec   +          Harm     .    f - scarf {rC+ rF+}
rCorr   .          Rampage  .    q - +0 pair of gloves
Will    .....                    (no boots)
Stlth   ..........               (no amulet)
HPRegen 0.32/turn                s - ring of see invisible
MPRegen 0.12/turn                (no ring)

@: no status effects
A: sickness immunity, AC +8, negative energy resistance 1, electricity
resistance, torment resistance 1, petrification resistance
a: Renounce Religion, Heroism, Finesse


You were on level 1 of the Lair of Beasts.
You worshipped Okawaru.
Okawaru was greatly pleased with you.
You visited 3 branches of the dungeon, and saw 11 of its levels.
You also visited: Sewer.

You collected 1496 gold pieces.

Inventory:

Hand Weapons
 i - a +5 whip of protection
 x - a +0 whip of flaming (weapon)
Armour
 c - a +0 buckler (worn)
 f - a scarf of resistance (worn)
 h - a +1 plate armour (worn)
 q - a +0 pair of gloves (worn)
 y - a +0 helmet (worn)
Jewellery
 l - a +6 ring of intelligence
 s - a ring of see invisible (left hand)
 C - a ring of flight
 K - an amulet of magic regeneration
 M - a ring of fire
Wands
 m - a wand of flame (38)
 r - a wand of digging (7)
 u - a wand of polymorph (26)
 J - a wand of roots (9)
 L - a wand of quicksilver (12)
Scrolls
 g - 2 scrolls of poison
 w - 3 scrolls of enchant armour
 F - 2 scrolls of butterflies
 G - 3 scrolls of teleportation
 H - 7 scrolls of identify
 I - a scroll of enchant weapon
Potions
 d - a potion of resistance {unknown}
 e - 2 potions of attraction
 k - 2 potions of brilliance
 n - 2 potions of curing
 o - 2 potions of berserk rage
 p - 4 potions of cancellation
 t - 2 potions of haste
 v - 6 potions of lignification
 z - a potion of ambrosia
 A - a potion of mutation
 B - a potion of magic
 E - a potion of flight


   Skills:
 + Level 11.3 Fighting
 * Level 14.0 Maces & Flails
 - Level 3.2 Armour
 - Level 3.2 Shields


You had 10 spell levels left.
You didn't know any spells.
Your spell library contained the following spells:

 Spells                   Type           Power      Damage    Failure   Level
 Apportation              Tloc           0%         N/A       100%        1
 Beastly Appendage        Tmut           0%         N/A       100%        1
 Wereblood                Tmut           0%         N/A       100%        2
 Hailstorm                Conj/Ice       0%         3d3       100%        3
 Spider Form              Tmut/Pois      0%         N/A       100%        3
 Ice Form                 Ice/Tmut       0%         N/A       100%        4
 Petrify                  Tmut/Erth      0%         N/A       100%        4
 Alistair's Intoxication  Tmut/Pois      0%         N/A       100%        5
 Metabolic Englaciation   Hex/Ice        0%         N/A       100%        5
 Simulacrum               Ice/Necr       Unusable   N/A       N/A         6
 Statue Form              Tmut/Erth      Unusable   N/A       N/A         6

Dungeon Overview and Level Annotations

Branches:
Dungeon (9/15)             Temple (1/1) D:6            Lair (1/5) D:9
  Sewer (visited)
    Orc: D:9-12

Altars:
Ashenzari
Cheibriados
Dithmenos
Elyvilon
Fedhas
Hepliaklqana
Kikubaaqudgha
Makhleb
Nemelex Xobeh
Okawaru
Qazlal
Sif Muna
Trog
Uskayaw
Vehumet
Wu Jian
Xom
Zin

Shops:
D:4 **=

Annotations:
D:8 3 runed translucent doors, NoAnimeNoLife's ghost, novice KoBr


Innate Abilities, Weirdness & Mutations

You are immune to sickness and miasma.
Your stone body is resilient. (AC +8)
You are immune to poison.
You resist negative energy. (rN+)
You are resistant to electric shocks. (rElec)
You are resistant to unholy torment.
You are immune to petrification.


Message History

The cane toad is severely wounded.
The cane toad stings you but does no damage.
You whack the cane toad! You burn the cane toad.
The cane toad is almost dead.
You hit the cane toad but do no damage.
The cane toad is almost dead.
The cane toad stings you!
* * * LOW HITPOINT WARNING * * *
You barely miss the cane toad.
The cane toad is almost dead.
The cane toad stings you.
* * * LOW HITPOINT WARNING * * *
You hit the cane toad. You burn the cane toad.
You kill the cane toad!
Okawaru accepts your kill.
Your Maces & Flails skill increases to level 14!
You start resting.
You start resting.
HP restored.
There is a staircase to the Lair here.
You can't go up here!
You climb downwards.
Welcome back to the Lair of Beasts!
The seven-headed hydra bites you but does no damage. x3
You block the seven-headed hydra's attack.
The seven-headed hydra bites you. The seven-headed hydra bites you!
The seven-headed hydra bites you but does no damage.
The komodo dragon bites you!! The seven-headed hydra bites you.
You block the seven-headed hydra's attack.
The seven-headed hydra bites you! x2
* * * LOW HITPOINT WARNING * * *
The seven-headed hydra bites you!
* * * LOW HITPOINT WARNING * * *
The seven-headed hydra bites you but does no damage.
The seven-headed hydra closely misses you.
The komodo dragon bites you.
* * * LOW HITPOINT WARNING * * *
The komodo dragon bites you but does no damage.
There is a staircase back to the Dungeon here.
The komodo dragon bites you!!
You die...

.#### ......
...... ##.......
...... #........
......# ##........
.......##........#
.......#........#
.................
.........Dl..##
.........P@..#
.......####l.#
......# ### ....##
..## #.


You could see a seven-headed hydra and 2 komodo dragons.

Vanquished Creatures
  2 two-headed ogres
  Pikel (D:8)
  Joseph (D:8)
  A cane toad (D:9)
  A kobold demonologist (D:9)
  Maggie (D:9)
  A hornet (D:7)
  Grinder (D:4)
  Sigmund (D:5)
  5 yaks (D:8)
  A steam dragon (D:9)
  Menkaure (D:5)
  3 wargs (D:9)
  A water moccasin (D:5)
  4 orc warriors
  A black bear (D:6)
  2 ice beasts
  3 centaurs
  A phantom (D:4)
  A lemure (D:8)
  2 kobold brigands (D:9)
  3 bullfrogs
  2 scorpions (D:5)
  3 necrophages
  8 wights (D:8)
  6 killer bees (D:8)
  3 howler monkeys
  2 hounds
  5 orc priests
  Natasha (D:4)
  5 iguanas
  10 orc wizards
  9 adders
  3 shadow imps
  A white imp (D:5)
  An ufetubus (D:6)
  3 worms (Sewer)
  2 dart slugs (D:1)
  39 orcs
  7 bats
  4 endoplasms
  3 giant cockroaches
  5 goblins
  6 hobgoblins
  4 jackals (D:1)
  23 kobolds
  3 quokkas
  5 ball pythons
  5 frilled lizards
  10 rats
216 creatures vanquished.

Notes
Turn   | Place    | Note
-------+----------+-------------------------------------------
     0 | D:1      | MTVSty1e the Gargoyle Fighter began the quest for the Orb.
     0 | D:1      | Reached XP level 1. HP: 14/14 MP: 1/1
   228 | D:1      | Reached XP level 2. HP: 19/19 MP: 2/2
   668 | D:1      | Reached skill level 3 in Maces & Flails
   671 | D:1      | Reached XP level 3. HP: 19/24 MP: 3/3
  1431 | D:2      | Found a faded altar of an unknown god.
  1603 | D:3      | Reached XP level 4. HP: 18/29 MP: 4/4
  1624 | D:3      | Identified the +10 spear "Jaqus" {vorpal, Contam +Blink rN+
                  | Will+}
  1690 | D:3      | Found a sparkling altar of Nemelex Xobeh.
  1894 | D:3      | Reached skill level 4 in Maces & Flails
  2256 | D:4      | Noticed Natasha
  2276 | D:4      | Killed Natasha
  2277 | D:4      | Reached XP level 5. HP: 14/34 MP: 5/5
  2394 | D:4      | Noticed a phantom
  2424 | D:4      | Killed a phantom
  2502 | D:4      | Found a glowing drain.
  2506 | Sewer    | Entered a sewer
  2691 | Sewer    | Reached skill level 5 in Maces & Flails
  2840 | Sewer    | Reached XP level 6. HP: 38/40 MP: 6/6
  2964 | D:4      | Found Vulefaerch's Jewellery Emporium.
  3244 | D:4      | Reached skill level 5 in Fighting
  3313 | D:4      | Noticed Grinder
  3319 | D:4      | Paralysed by Grinder for 3 turns
  3328 | D:4      | Paralysed by Grinder for 4 turns
  3338 | D:4      | Paralysed by Grinder for 2 turns
  3348 | D:4      | Killed Grinder
  3349 | D:4      | Reached skill level 6 in Maces & Flails
  3349 | D:4      | Reached XP level 7. HP: 17/44 MP: 7/7
  3529 | D:4      | Found Robeh's Specific Store.
  3531 | D:4      | Found Qaich's General Store.
  3668 | D:5      | Entered Level 5 of the Dungeon
  3725 | D:5      | Found an ancient bone altar of Kikubaaqudgha.
  3754 | D:5      | Noticed Menkaure
  3763 | D:5      | Killed Menkaure
  3857 | D:5      | Noticed Sigmund
  3873 | D:5      | Killed Sigmund
  3874 | D:5      | Reached skill level 7 in Maces & Flails
  3927 | D:5      | Reached XP level 8. HP: 51/52 MP: 8/8
  4122 | D:5      | Found a snail-covered altar of Cheibriados.
  4128 | D:5      | Found a broken altar of Ashenzari.
  4133 | D:5      | Found a shimmering altar of Xom.
  4353 | D:5      | Reached skill level 8 in Maces & Flails
  4792 | D:6      | Found a staircase to the Ecumenical Temple.
  4808 | Temple   | Entered the Ecumenical Temple
  4814 | Temple   | Became a worshipper of Warmaster Okawaru
  5129 | D:6      | Reached skill level 9 in Maces & Flails
  5486 | D:6      | Reached XP level 9. HP: 35/58 MP: 9/9
  5610 | D:6      | Found a shimmering blue altar of Sif Muna.
  6106 | D:6      | Reached * piety under Okawaru
  6245 | D:6      | Identified a scroll of acquirement
  6245 | D:6      | Acquired 1028 gold pieces
  6507 | D:7      | Noticed a hornet
  6520 | D:7      | Reached skill level 10 in Maces & Flails
  6547 | D:7      | Killed a hornet
  7374 | D:8      | Noticed Pikel
  7408 | D:8      | Killed Pikel
  7408 | D:8      | Reached ** piety under Okawaru
  7409 | D:8      | Reached skill level 11 in Maces & Flails
  7410 | D:8      | Found a runed translucent gate.
  7411 | D:8      | Found a runed translucent gate.
  7411 | D:8      | Noticed NoAnimeNoLife's ghost (novice KoBr)
  7412 | D:8      | Noticed a boulder beetle
  7416 | D:8      | Found a runed translucent gate.
  7598 | D:8      | Reached XP level 10. HP: 44/66 MP: 7/10
  7633 | D:8      | Reached *** piety under Okawaru
  7847 | D:8      | Reached skill level 12 in Maces & Flails
  7935 | D:8      | Noticed a two-headed ogre
  7948 | D:8      | Killed a two-headed ogre
  7949 | D:8      | Reached skill level 10 in Fighting
  8264 | D:8      | Found a hazy altar of Hepliaklqana.
  8451 | D:8      | Noticed Joseph
  8492 | D:8      | Killed Joseph
  8492 | D:8      | Reached **** piety under Okawaru
  8498 | D:8      | Found a burning altar of Makhleb.
  8839 | D:9      | Reached skill level 13 in Maces & Flails
  8919 | D:9      | Found a staircase to the Lair.
  9196 | D:9      | Noticed Maggie
  9217 | D:9      | Killed Maggie
  9217 | D:9      | Received a gift from Okawaru
  9317 | D:9      | Noticed a two-headed ogre
  9340 | D:9      | Killed a two-headed ogre
  9341 | D:9      | Reached XP level 11. HP: 45/74 MP: 11/11
  9511 | D:9      | Noticed a sixfirhy
  9515 | D:9      | Noticed a soul eater
  9827 | Lair:1   | Entered Level 1 of the Lair of Beasts
  9827 | Lair:1   | Noticed a seven-headed hydra
  9870 | D:9      | Reached skill level 14 in Maces & Flails
 10042 | Lair:1   | Mangled by a komodo dragon

Illustrated notes

Levels and vault maps discovered:
D:1:      erik_arrival_triangle_medium, layout_loops_corners
D:2:      layout_rooms, nicolae_ecumenical_lake_church, minmay_stone_trees_small
D:3:      layout_rooms, nemelex_xobeh_ov_fountains_minmay
D:4:      kennysheep_six_static_rooms, layout_gridville, serial_shops,
          nicolae_stop_n_shop_2, gup_sewer_entry_bowl,
          chequers_serial_rivers_small_b, chequers_jeans,
          nicolae_specific_store, minmay_hedge_maze, uniq_grinder, uniq_natasha
D:5:      minmay_skewed_foursquare, layout_cave_pools,
          mainiacjoe_overflow_chevrons, minmay_overflow_temple_star_quad,
          dk_noncrumbling_2, minmay_misc_feat_x, uniq_sigmund, uniq_menkaure
D:6:      layout_loops_corners, kennysheep_orc_sif_temple,
          minmay_temple_entry_offerings, kennysheep_cross_room
D:7:      layout_gridville
D:8:      layout_rooms, lemuel_coloured_pillars_altar,
          mainiacjoe_overflow_paths, gammafunk_ghost_split,
          hangedman_abyss_or_decor_slice, uniq_pikel, uniq_joseph
D:9:      layout_roguey, erik_lair_orcish_takeover, uniq_maggie
Temple:   eino_wide_crystal_templ
Lair:1:   layout_hall_layers, beast_lair_carwin_3, grunt_megastairs_4

Skill      XL: |  1  2  3  4  5  6  7  8  9 10 11 |
---------------+----------------------------------+-----
Maces & Flails | 3 4 5 6 7 9 11 13 14 | 14.0
Fighting       | 4 5 6 7 9 11 | 11.3
Armour         | |  3.2
Shields        | |  3.2

Action                   |  1- 3 |  4- 6 |  7- 9 | 10-12 || total
-------------------------+-------+-------+-------+-------++-------
Melee: Flail             |    57 |       |       |       ||    57
       Whip              |   128 |   309 |   592 |   392 ||  1421
Invok: Heroism           |       |       |     1 |     4 ||     5
  Use: Potion            |     1 |     1 |     2 |     7 ||    11
       Scroll            |       |    19 |     4 |     2 ||    25
Armor: Scale mail        |    31 |       |       |       ||    31
       Plate armour      |   140 |   133 |   338 |   212 ||   823
Dodge: Dodged            |    92 |    52 |   132 |    83 ||   359
Block: Buckler           |    53 |    37 |    75 |    60 ||   225

Table legend: (Time is in decaauts)
 A = Elapsed time spent in this place.
 B = Non-inter-level travel time spent in this place.
 C = Inter-level travel time spent in this place.
 D = Time resting spent in this place.
 E = Time spent auto-exploring this place.
 F = Levels seen in this place.
 G = Mean time per level.
                   A        B        C        D        E       F      G
               +--------+--------+--------+--------+--------+-----+--------+
         Total |   9739 |   9482 |    257 |   2096 |   5373 |  12 |  811.6 |
       Dungeon |   9208 |   8959 |    249 |   2096 |   5086 |   9 | 1023.1 |
        Temple |     55 |     47 |      8 |      0 |     35 |   1 |   55.0 |
          Lair |     13 |     13 |      0 |      0 |      0 |   1 |   13.0 |
         Sewer |    461 |    461 |      0 |      0 |    252 |   1 |  461.0 |
               +--------+--------+--------+--------+--------+-----+--------+

Top non-repeatable levels by time:
     D:6: 1566 daAuts
     D:9: 1234 daAuts
     D:8: 1223 daAuts
     D:1: 1117 daAuts
     D:5: 1081 daAuts
     D:4: 996 daAuts
     D:7: 837 daAuts
     D:3: 673 daAuts
     D:2: 480 daAuts
   Sewer: 461 daAuts
  Temple: 55 daAuts
  Lair:1: 13 daAuts
